 Dungeon Crawl Stone Soup version 0.21-a0-196-g6a663c0 (webtiles) character file.

44 tehllama the Insei (level 3, -5/23 HPs)
             Began as an Octopode Transmuter on Aug 15, 2017.
             Slain by a worm (12 damage)
             ... on level 3 of the Dungeon.
             The game lasted 00:01:51 (863 turns).

tehllama the Insei (Octopode Transmuter)             Turns: 863, Time: 00:01:51

Health: -5/23      AC:  1    Str: 10    XL:     3   Next: 62%
Magic:  5/6        EV: 13    Int: 15    God:
Gold:   54         SH:  0    Dex: 12    Spells: 5/6 levels left

rFire    . . .     SeeInvis .     - Unarmed
rCold    . . .     Gourm    .   (no shield)
rNeg     . . .     Faith    .   (helmet restricted)
rPois    .         Spirit   .   (no amulet)
rElec    .         Reflect  .   (no ring)
rCorr    .         Harm     .   (no ring)
MR       .....                  (no ring)
Stlth    ++++......             (no ring)
HPRegen  0.07/turn              (no ring)
MPRegen  0.10/turn              (no ring)
                                (no ring)
                                (no ring)

@: appendage
A: almost no armour, stealthy swim, amphibious, 8 rings, constrict 8, tentacle
spike 3, camouflage 1, gelatinous body 1
a: End Transformation


You were on level 3 of the Dungeon.
You were not hungry.
One of your tentacles had a temporary spike.
You visited 1 branch of the dungeon, and saw 3 of its levels.

You collected 54 gold pieces.

Inventory:

Missiles
 a - 31 arrows
Scrolls
 d - 2 scrolls of enchant armour {unknown}
 e - 2 scrolls of identify {unknown}
Potions
 g - a potion of might {unknown}
Books
 b - a book of Changes

   Spells                             Type                      Level
   a - Beastly Appendage              Transmutation                1
   b - Sticks to Snakes               Transmutation                2
   c - Spider Form                    Transmutation/Poison         3
   d - Ice Form                       Ice/Transmutation            4
   e - Blade Hands                    Transmutation                5
Comestibles
 c - a bread ration


   Skills:
 - Level 1.0 Fighting
 - Level 2.0 Dodging
 + Level 1.7 Stealth
 + Level 4.2 Unarmed Combat
 - Level 2.0 Spellcasting
 - Level 2.0 Transmutations


You had 5 spell levels left.
You knew the following spells:

 Your Spells              Type           Power        Failure   Level  Hunger
a - Beastly Appendage     Tmut           #.....       10%         1    #......


Dungeon Overview and Level Annotations

Branches:
Dungeon (2/15)

Altars:


Innate Abilities, Weirdness & Mutations

You cannot wear most types of armour.
You are very stealthy in the water. (Stealth+)
You are amphibious.
You can wear up to eight rings at the same time.
You can use your tentacles to constrict eight enemies at once.
Your skin changes colour to match your surroundings (Stealth+).
Your rubbery body absorbs attacks. (AC +1, EV +1)
One of your tentacles bears a large vicious spike.


Message History

The adder is severely wounded.
The adder bites you.
You closely miss the adder. Your grab misses the adder.
Your tentacle spike misses the adder.
Your squeeze misses the adder.
The adder is severely wounded.
The adder bites you.
You tentacle-slap the adder.
You kill the adder!
You tentacle-slap the rat.
You kill the rat!
The worm bites you!
You see here an adder corpse.
You are too injured to fight recklessly!
You are too injured to fight recklessly!
You are too injured to fight recklessly!
You tentacle-slap the worm. You grab the worm. You tentacle-slap the worm.
The worm is moderately wounded.
You constrict the worm. The worm bites you!
Ouch! That really hurt!
You die...

####### ##...≈≈#
#...≈≈≈# #....#≈####
#...≈≈≈#≈≈
###...≈#≈#≈#####
......≈≈≈≈#≈@w≈≈#
#####..≈#≈#≈#≈#≈≈≈≈#
......≈#≈#≈#≈# ###
####...#≈≈≈#≈≈
.....########
.#...## . ####


You could see a worm.

Vanquished Creatures
  An adder (D:3)
  A river rat (D:3)
  2 worms
  A ball python (D:1)
  3 goblins (D:1)
  4 hobgoblins (D:1)
  3 jackals (D:1)
  2 kobolds
  4 rats
21 creatures vanquished.

Notes
Turn   | Place    | Note
-------+----------+-------------------------------------------
     0 | D:1      | tehllama the Octopode Transmuter began the quest for the Orb.
     0 | D:1      | Reached XP level 1. HP: 13/13 MP: 3/3
   175 | D:1      | Reached XP level 2. HP: 15/18 MP: 3/5
   722 | D:2      | Reached skill level 4 in Unarmed Combat
   727 | D:2      | You fall through a shaft!
   733 | D:3      | Reached XP level 3. HP: 23/23 MP: 4/6
   747 | D:3      | Reached skill level 1 in Stealth
   863 | D:3      | Slain by a worm

Vault maps used:
D:1:      dpeg_arrival_rooms_a
D:2:      first_bread, serial_park_tiny_pond
D:3:      marbit_many_paths, fiery_altar_vehumet, lightli_sewer_entry_pipes,
          serial_curves, eino_curves_02, eino_curves_02, st_stairs_9,
          uniq_sigmund

Skill      XL: |  1  2  3 |
---------------+----------+-----
Unarmed Combat | 4 |  4.2
Stealth        | 1 |  1.7
Fighting       | |  1.0
Dodging        | |  2.0
Spellcasting   | |  2.0
Transmutations | |  2.0

Action                   || total
-------------------------++-------
Melee: Unarmed           ||    50
       Constrict         ||    13
       Kick              ||     8
       Tentacles         ||     8
       Punch             ||     1
 Cast: Beastly Appendage ||    12
 Stab: Sleeping          ||     3
Dodge: Dodged            ||    24
